 Dungeon Crawl Stone Soup version 0.24.0-28-g17ded55e90 (webtiles) character file.

Game seed: 4159955908248236103, levelgen mode: deterministic

210 Nattfarinn the Caller (level 5, -1/39 HPs)
             Began as a Barachi Summoner on Nov 13, 2019.
             Slain by a centaur (8 damage)
             ... on level 4 of the Dungeon.
             The game lasted 00:11:23 (4445 turns).

Nattfarinn the Caller (Barachi Summoner)            Turns: 4445, Time: 00:11:23

Health: -1/39      AC:  2    Str: 10    XL:     5   Next: 87%
Magic:  9/9        EV: 13    Int: 16    God:
Gold:   126        SH:  0    Dex: 12    Spells: 2/9 levels left

rFire    . . .     SeeInvis .   s - +2 short sword (venom)
rCold    . . .     Gourm    .   (no shield)
rNeg     . . .     Faith    .   a - +0 robe
rPois    .         Spirit   .   (no helmet)
rElec    .         Reflect  .   (no cloak)
rCorr    .         Harm     .   (no gloves)
MR       .....                  (no boots)
Stlth    ++........             (no amulet)
HPRegen  0.13/turn              (no ring)
MPRegen  0.11/turn              (no ring)

@: slow
A: +LOS, swims, slowness 1, strong legs 1
a: Hop


You were on level 4 of the Dungeon.
You were hungry.

You visited 1 branch of the dungeon, and saw 4 of its levels.

You collected 126 gold pieces.

Inventory:

Hand Weapons
 e - a +0 club
 s - a +2 short sword of venom (weapon)
Armour
 a - a +0 robe (worn)
 j - a +0 plate armour
Scrolls
 d - 4 scrolls of identify {unknown}
 g - 2 scrolls of teleportation {unknown}
 h - a scroll of immolation {unknown}
 i - 3 scrolls of fear {unknown}
 n - a scroll of remove curse {unknown}
 o - 2 scrolls of blinking {unknown}
 r - a scroll of noise {unknown}
 t - a scroll of enchant armour {unknown}
 v - a scroll of amnesia {unknown}
Potions
 f - a potion of brilliance {unknown}
 k - a potion of heal wounds {unknown}
 l - a potion of invisibility {unknown}
 m - a potion of haste {unknown}
 p - a potion of degeneration {unknown}
 q - 2 potions of mutation {unknown}
 u - a potion of might {unknown}
Comestibles
 c - 6 rations


   Skills:
 + Level 2.6 Fighting
 - Level 3.0 Dodging
 - Level 1.7 Stealth
 - Level 2.9 Spellcasting
 * Level 6.4 Summonings
 * Level 2.0 Air Magic


You had 2 spell levels left.
You knew the following spells:

 Your Spells              Type           Power        Failure   Level  Hunger
a - Summon Small Mammal   Summ           ###.         1%          1    #......
b - Call Imp              Summ           ###.....     1%          2    ##.....
c - Summon Lightning Spi  Summ/Air       ###.....     32%         4    #####..

Your spell library contained the following spells:

 Spells                   Type           Power        Failure   Level  Hunger
 Call Canine Familiar     Summ           ###.....     4%          3    ###....
 Summon Guardian Golem    Hex/Summ       ##......     16%         3    ###....
 Summon Ice Beast         Ice/Summ       ##......     45%         4    #####..


Dungeon Overview and Level Annotations

Branches:
Dungeon (4/15)
 Temple: D:4-7

Altars:
Ashenzari
Trog
Vehumet
Xom


Innate Abilities, Weirdness & Mutations

Shadows flee at your approach. (+LOS)
You can swim through water.
You cover ground slowly.
You can hop short distances.


Message History

The centaur barely misses you. The iguana bites you. The centaur hits you.
You closely miss the iguana.
The iguana bites you but does no damage.
The centaur hits you but does no damage.
You hit the iguana.
The iguana is lightly wounded.
The centaur completely misses you. The iguana closely misses you.
The centaur closely misses you. The iguana bites you!
You hit the iguana.
The iguana is poisoned.
The iguana is heavily wounded.
The centaur hits you. x2
* * * LOW HITPOINT WARNING * * *
The iguana bites you!
* * * LOW HITPOINT WARNING * * *
It was a potion of curing.
You feel better. The centaur hits you.
* * * LOW HITPOINT WARNING * * *
The iguana bites you!
* * * LOW HITPOINT WARNING * * *
You feel better. The centaur closely misses you. The centaur hits you!
You die...

### ###
#.###############.#
..................#
#################.#
# ..#.# # #. #.#.#
...##.#.#.# #
.....<.l#.##.#####.
.......c@..........
........#(##.#####.
..#####.#.# # #.#.#
..#)# #.#.# ..#..
#.##. #. .


You could see a centaur and an iguana.

Vanquished Creatures
  A centaur zombie (D:3)
  Natasha (twice) (D:3)
  Terence (D:3)
  3 adders
  2 worms
  2 leopard geckos
  An orc (D:3)
  A giant cockroach (D:3)
  4 goblins
  3 jackals (D:3)
  3 kobolds
  A quokka (D:3)
  4 ball pythons
  4 frilled lizards
  2 rats (D:1)
34 creatures vanquished.

Vanquished Creatures (collateral kills)
  Natasha (D:3)
  2 adders
  2 worms
  A dart slug (D:2)
  8 orcs (D:3)
  A giant cockroach (D:3)
  5 goblins
  5 hobgoblins
  A jackal (D:3)
  2 kobolds (D:3)
  2 bats
  A frilled lizard (D:3)
  2 rats
33 creatures vanquished.

Grand Total: 67 creatures vanquished

Notes
Turn   | Place    | Note
-------+----------+-------------------------------------------
     0 | D:1      | Nattfarinn the Barachi Summoner began the quest for the
                  | Orb.
     0 | D:1      | Reached XP level 1. HP: 13/13 MP: 3/3
   804 | D:1      | Reached skill level 5 in Summonings
  1079 | D:1      | Reached XP level 2. HP: 20/20 MP: 1/5
  1311 | D:2      | Found a shattered altar of Ashenzari.
  1647 | D:2      | Reached skill level 1 in Fighting
  1704 | D:2      | Reached XP level 3. HP: 21/26 MP: 6/6
  1866 | D:2      | Found a bloodstained altar of Trog.
  2284 | D:2      | Learned a level 2 spell: Call Imp
  2727 | D:3      | Found a radiant altar of Vehumet.
  2856 | D:3      | Reached XP level 4. HP: 31/32 MP: 5/8
  3098 | D:3      | Learned a level 4 spell: Summon Lightning Spire
  3175 | D:3      | Noticed Terence
  3189 | D:3      | Killed Terence
  3189 | D:3      | Reached skill level 6 in Summonings
  3189 | D:3      | Reached XP level 5. HP: 33/38 MP: 5/9
  3192 | D:3      | Reached skill level 1 in Air Magic
  3694 | D:3      | Noticed Natasha
  3700 | D:3      | Killed Natasha
  3770 | D:3      | Noticed Natasha
  3779 | D:3      | Killed Natasha
  3986 | D:3      | Found a shimmering altar of Xom.
  4382 | D:3      | Noticed Natasha
  4391 | D:3      | Killed Natasha
  4432 | D:4      | Noticed a centaur
  4444 | D:4      | HP: 1/39 [iguana (9)]
  4445 | D:4      | Slain by a centaur

Levels and vault maps discovered:
D:1:      nagdon_arrival_double_spiral, layout_basic, lemuel_old_faithful
D:2:      layout_loops_corners, lemuel_round_altar, trog_book
D:3:      layout_basic, tgw_xom, lemuel_round_altar, uniq_natasha, uniq_terence
D:4:      layout_basic, lemuel_doored_altar,
          yredelemnul_forgotten_temple_becter, first_ration, serial_shops, shop,
          nrook_loot_triangle

Skill      XL: |  1  2  3  4  5 |
---------------+----------------+-----
Summonings     | 5 6 |  6.4
Fighting       | 1 2 |  2.6
Dodging        | 3 |  3.0
Air Magic      | 2 |  2.0
Stealth        | |  1.7
Spellcasting   | |  2.9

Action                   |  1- 3 |  4- 6 || total
-------------------------+-------+-------++-------
Melee: Club              |    76 |       ||    76
       Unarmed           |     7 |       ||     7
       Short sword       |     4 |    56 ||    60
 Cast: Summon Small Mamm |    28 |       ||    28
       Call Imp          |    14 |    11 ||    25
  Use: Potion            |       |     2 ||     2
 Stab: Sleeping          |     1 |       ||     1
       Distracted        |       |     1 ||     1
  Eat: Chunk             |     8 |     2 ||    10
       Ration            |       |     1 ||     1
Armor: Robe              |    22 |     8 ||    30
Dodge: Dodged            |    62 |    48 ||   110
